 Dungeon Crawl Stone Soup version 0.22.1-2-g9c5b331 (webtiles) character file.

116530 WarriorsX the Bludgeoner (level 17, -14/143 HPs)
             Began as a Human Berserker on Dec 30, 2018.
             Was an Elder of Trog.
             Demolished by an eight-headed hydra (15 damage)
             ... called by a spriggan druid
             ... on level 3 of the Swamp.
             The game lasted 01:43:27 (30899 turns).

WarriorsX the Bludgeoner (Human Berserker)         Turns: 30899, Time: 01:43:28

Health: -14/143    AC: 25    Str: 23    XL:     17   Next: 26%
Magic:  23/23      EV: 12    Int:  5    God:    Trog [****..]
Gold:   2068       SH:  5    Dex: 13    Spells: 16/16 levels left

rFire    + . .     SeeInvis .   G - +7 great mace "Taiwop" {venom, -Tele rElec rN+++ Int-4}
rCold    . . .     Gourm    .   (shield currently unavailable)
rNeg     + + +     Faith    .   k - +0 plate armour
rPois    .         Spirit   .   (helmet restricted)
rElec    +         Reflect  +   b - +0 cloak
rCorr    .         Harm     .   d - +2 pair of gloves
MR       +++..     NoTele   +   (no boots)
Stlth    ..........             z - +5 amulet of reflection
HPRegen  1.33/turn              g - +6 ring of protection
MPRegen  0.18/turn              M - +2 ring of slaying

@: berserk cooldown, regenerating, slowed, very slow
A: horns 1, talons 1, fire resistance 1, high mp 1, wild magic 1
a: Berserk, Trog's Hand, Brothers in Arms, Renounce Religion


You were on level 3 of the Swamp.
You worshipped Trog.
Trog was greatly pleased with you.
You were not hungry.

You visited 6 branches of the dungeon, and saw 23 of its levels.
You also visited: Labyrinth, Ossuary and Ice Cave.

You collected 2482 gold pieces.
You spent 414 gold pieces at shops.

Inventory:

Hand Weapons
 l - the +2 long sword "Death Rattle" {holy, +Inv rElec Str-3 Dex+7}
   (You found it on level 5 of the Dungeon)

   It has been blessed by the Shining One to cause great damage to the undead
   and demons.
   It affects your strength (-3).
   It affects your dexterity (+7).
   It insulates you from electricity.
   It lets you turn invisible.
 B - the +6 flail "Ogrebane" {drain, *Corrode Int+4 Dex+5}
   (You found it in an ossuary)

   A truly terrible weapon, it drains the life of those it strikes.
   It affects your intelligence (+4).
   It affects your dexterity (+5).
   It may corrode you when you take damage.
 G - the +7 great mace "Taiwop" (weapon) {venom, -Tele rElec rN+++ Int-4}
   (You found it in an ice cave)

   It poisons the flesh of those it strikes.
   It affects your intelligence (-4).
   It insulates you from electricity.
   It renders you almost immune to negative energy.
   It prevents most forms of teleportation.
Armour
 b - a +0 cloak (worn)
 d - a +2 pair of gloves (worn)
 k - a +0 plate armour (worn)
 D - a +2 large shield of cold resistance
Jewellery
 g - a +6 ring of protection (left hand)
 s - an uncursed amulet of guardian spirit
 z - a +5 amulet of reflection (around neck)
 A - an uncursed ring of positive energy
 F - an uncursed ring of protection from fire
 K - an uncursed ring of poison resistance
 M - a +2 ring of slaying (right hand)
 S - an uncursed ring of protection from cold {unknown}
Wands
 m - a wand of flame (38)
 o - a wand of acid (10)
 r - a wand of polymorph (6)
 w - a wand of paralysis (14)
 L - a wand of iceblast (22)
 N - a wand of disintegration (29)
Scrolls
 a - 3 scrolls of fear
 i - 4 scrolls of magic mapping
 j - 10 scrolls of remove curse
 n - 5 scrolls of identify
 y - 11 scrolls of teleportation
 I - 4 scrolls of enchant weapon
 J - 2 scrolls of enchant armour
 O - 2 scrolls of silence
 R - a scroll of torment {unknown}
 T - a scroll of fog
Potions
 e - 4 potions of haste
 f - 6 potions of resistance
 h - 6 potions of lignification
 p - 6 potions of agility
 q - 2 potions of invisibility
 t - 2 potions of berserk rage
 u - 3 potions of brilliance
 x - 6 potions of curing
 C - 4 potions of might
 E - 2 potions of ambrosia
 H - 3 potions of flight
 Q - a potion of heal wounds
Comestibles
 c - 35 rations


   Skills:
 + Level 15.6 Fighting
   Level 4.0(12.2) Axes
 - Level 17.1(17.3) Maces & Flails
 - Level 10.8 Armour
 - Level 10.0 Dodging
 - Level 6.0 Stealth
 - Level 1.2 Shields
 - Level 6.1 Evocations


You had 16 spell levels left.
You didn't know any spells.
Your spell library contained the following spells:

 Spells                   Type           Power        Failure   Level  Hunger
 Animate Skeleton         Necr           N/A          100%        1    ##.....
 Apportation              Tloc           #.....       100%        1    ##.....
 Confusing Touch          Hex            #.....       100%        1    ##.....
 Infusion                 Chrm           #...         100%        1    ##.....
 Magic Dart               Conj           #...         100%        1    ##.....
 Sandblast                Erth           #.....       100%        1    ##.....
 Summon Small Mammal      Summ           #...         100%        1    ##.....
 Blink                    Tloc           N/A          100%        2    ###....
 Call Imp                 Summ           #.......     100%        2    ###....
 Passwall                 Tmut/Erth      #.......     100%        2    ###....
 Poisonous Vapours        Pois/Air       #.....       100%        2    ###....
 Searing Ray              Conj           #.....       100%        2    ###....
 Slow                     Hex            #.......     100%        2    ###....
 Song of Slaying          Chrm           #.......     100%        2    ###....
 Confuse                  Hex            #.......     100%        3    ####...
 Conjure Flame            Conj/Fire      #.......     100%        3    ####...
 Dazzling Spray           Conj/Hex       #.....       100%        3    ####...
 Gell's Gravitas          Tloc           #.........   100%        3    ####...
 Lesser Beckoning         Tloc           #.........   100%        3    ####...
 Mephitic Cloud           Conj/Pois/Air  #.......     100%        3    ####...
 Ozocubu's Armour         Chrm/Ice       #.......     100%        3    ####...
 Recall                   Summ/Tloc      N/A          100%        3    ####...
 Stone Arrow              Conj/Erth      #.....       100%        3    ####...
 Force Lance              Conj/Tloc      #.......     100%        4    #####..
 Fulminant Prism          Conj/Hex       #.........   100%        4    #####..
 Iskenderun's Mystic Bla  Conj           #.......     100%        4    #####..
 Petrify                  Tmut/Erth      #.......     100%        4    #####..
 Dispel Undead            Necr           #.......     100%        5    ######.
 Iskenderun's Battlesphe  Conj/Chrm      #.......     100%        5    ######.
 Lee's Rapid Deconstruct  Erth           #.........   100%        5    ######.
 Metabolic Englaciation   Hex/Ice        #.........   100%        5    ######.
 Yara's Violent Unravell  Hex/Tmut       #.........   100%        5    ######.
 Freezing Cloud           Conj/Ice/Air   #.........   100%        6    #######
 Ring of Flames           Chrm/Fire      #.........   100%        7    #######
 Disjunction              Tloc           #.........   100%        8    #######
 Shatter                  Erth           #.........   100%        9    #######


Dungeon Overview and Level Annotations

Branches:
Dungeon (10/15)            Temple (0/1) D:5            Lair (6/6) D:8
  Swamp (2/4) Lair:4       Spider (1/4) Lair:4        Slime (0/5) Lair:6
    Orc (2/2) D:9             Elf (1/3) Orc:2

Altars:
Ashenzari
Dithmenos
Elyvilon
Fedhas
Hepliaklqana
Makhleb
Nemelex Xobeh
Ru
Vehumet
The Shining One
Beogh

Shops:
D:4 [   D:10 (   Orc:2 [}!=

Annotations:
Lair:2 exclusion: 3 oklob plants
Lair:6 exclusion: 3 oklob plants


Innate Abilities, Weirdness & Mutations

You have a pair of small horns on your head.
You have sharp toenails.
Your flesh is heat resistant. (rF+)
You have an increased reservoir of magic. (+10% MP)
Your spells are a little harder to cast, but a little more powerful.


Message History

The swamp worm is engulfed in noxious fumes.
The swamp worm appears confused.
The swamp worm is engulfed in noxious fumes.
The swamp worm appears confused.
You feel less wooden.
Your +0 cloak unmelds from your body.
Your +2 pair of gloves unmelds from your body.
Your +0 plate armour unmelds from your body.
The swamp worm is engulfed in noxious fumes.
The swamp worm appears confused.
You block the eight-headed hydra's attack.
The eight-headed hydra bites you!
* * * LOW HITPOINT WARNING * * *
The eight-headed hydra barely misses you.
The eight-headed hydra bites you!
* * * LOW HITPOINT WARNING * * *
The eight-headed hydra misses you. The eight-headed hydra bites you!
* * * LOW HITPOINT WARNING * * *
The eight-headed hydra bites you!
You die...

♣..≈≈≈≈≈.♣.≈.
♣..≈....≈≈≈.
♣≈≈≈≈≈≈.≈.(
♣..≈≈≈≈.≈.§
♣..≈≈≈.≈≈≈
♣♣..§≈≈≈≈≈
♣k§§♣..≈.
♣D§w≈.≈.≈
♣@§§w≈≈.≈
♣♣†§≈..?.
.♣♣♣≈♣♣ ♣♣ ≈♣
♣


You could see an eight-headed hydra, 2 swamp worms and a swamp drake.

Vanquished Creatures
  3 thorn hunters
  A frost giant (IceCv)
  A minotaur (Lab)
  Josephine (Swamp:1)
  Fannar (Lair:2)
  7 hydras
  6 alligators
  A two-headed ogre (D:9)
  6 death yaks
  4 orc high priests
  10 spriggans
  3 spriggan druids
  2 swamp dragons
  2 shambling mangroves
  3 deep elf magi
  6 orc knights
  7 orc sorcerers
  3 orb spiders (Spider:1)
  4 wolf spiders
  An oklob plant (Orc:1)
  6 elephants (Lair:5)
  A guardian serpent (Lair:6)
  8 black mambas
  An ice statue (IceCv)
  19 spiny frogs
  2 rime drakes
  6 komodo dragons
  A demonic crawler (Spider:1)
  6 trolls
  15 hornets
  6 jumping spiders (Spider:1)
  22 polar bears
  6 blink frogs
  8 tyrant leeches
  6 slime creatures
  A bog body (Swamp:3)
  A dream sheep (Lair:6)
  3 hippogriffs (Lair:6)
  2 raiju (Lair:6)
  4 tarantellas (Spider:1)
  14 redbacks
  3 hogs (D:10)
  37 yaks
  2 steam dragons (D:10)
  5 wraiths (Swamp:1)
  A human (D:10)
  12 wyverns
  A basilisk (Lair:3)
  2 hungry ghosts
  12 vampire mosquitoes
  9 wargs
  15 swamp worms
  6 insubstantial wisps (Swamp:1)
  16 water moccasins
  13 hell hounds (Lair:6)
  8 porcupines
  A sky beast (D:8)
  19 orc warriors
  4 swamp drakes
  9 ice beasts
  12 black bears
  3 phantoms
  A necrophage (D:8)
  11 ogres
  10 centaurs
  24 wolves
  A big kobold (D:7)
  5 crocodiles
  10 bullfrogs
  8 water moccasin zombies (Ossuary)
  A wyvern skeleton (D:7)
  2 scorpions
  6 killer bees
  3 wights (D:9)
  3 howler monkeys
  A centaur zombie (D:10)
  5 crimson imps
  4 jellies
  A quasit (D:9)
  A bullfrog zombie (D:8)
  5 hounds
  A centaur skeleton (D:7)
  21 orc priests
  24 orc wizards
  2 bullfrog skeletons
  An iguana (D:4)
  9 worker ants
  A killer bee zombie (D:9)
  3 big kobold zombies (Ossuary)
  3 mummies
  A worker ant zombie (D:6)
  17 adders
  4 gnolls
  A howler monkey skeleton (D:5)
  2 shadow imps
  4 adder zombies
  2 adder skeletons
  4 worms
  3 dart slugs
  4 leopard geckos
  60 orcs
  5 giant cockroaches
  8 goblins
  5 hobgoblins
  8 jackals
  6 quokkas
  4 ball pythons
  7 bats
  2 frilled lizards
  4 hobgoblin zombies
  3 jackal skeletons
  9 kobolds
  7 kobold zombies (Ossuary)
  A leopard gecko zombie (D:7)
  14 orc zombies
  A quokka skeleton (D:7)
  7 rats
  A toadstool (Swamp:1)
761 creatures vanquished.

Vanquished Creatures (collateral kills)
  A stone giant (Orc:2)
  A death yak (Lair:5)
  Nergalle (Lair:3)
  A wolf spider (Lair:6)
  A black mamba (Lair:6)
  A spiny frog (Lair:5)
  2 polar bears
  A bog body (Swamp:3)
  A redback (Lair:6)
  A swamp worm (Lair:4)
  A scorpion (Lair:4)
  A worker ant (Lair:4)
13 creatures vanquished.

Vanquished Creatures (others)
  A spiny frog (Swamp:2)
  2 swamp worms
  A wolf (Lair:6)
  3 briar patches (Swamp:3)
  7 fungi
  11 plants
  6 toadstools (Swamp:1)
31 creatures vanquished.

Grand Total: 805 creatures vanquished

Notes
Turn   | Place    | Note
-------+----------+-------------------------------------------
     0 | D:1      | WarriorsX the Human Berserker began the quest for the Orb.
     0 | D:1      | Reached XP level 1. HP: 18/18 MP: 1/1
   234 | D:1      | Reached XP level 2. HP: 22/24 MP: 2/2
   587 | D:1      | Reached XP level 3. HP: 29/29 MP: 3/3
   903 | D:2      | Reached ** piety under Trog
   937 | D:2      | Reached XP level 4. HP: 32/37 MP: 4/4
  1071 | D:2      | Found a shadowy altar of Dithmenos.
  1254 | D:2      | Reached XP level 5. HP: 25/42 MP: 5/5
  1708 | D:3      | Found a blossoming altar of Fedhas.
  1762 | D:3      | Found a sacrificial altar of Ru.
  1804 | D:3      | Found a sparkling altar of Nemelex Xobeh.
  2092 | D:4      | Reached XP level 6. HP: 36/48 MP: 6/6
  2242 | D:4      | Noticed an ogre
  2253 | D:4      | Killed an ogre
  2282 | D:4      | Noticed an ogre
  2293 | D:4      | Killed an ogre
  2293 | D:4      | Reached XP level 7. HP: 27/55 MP: 7/7
  2471 | D:4      | Found Adep's Antique Armour Emporium.
  2520 | D:4      | Reached *** piety under Trog
  2566 | D:4      | Found a shattered altar of Ashenzari.
  2632 | D:4      | Reached skill level 5 in Fighting
  3009 | D:4      | Reached XP level 8. HP: 36/65 MP: 8/8
  3130 | D:5      | Entered Level 5 of the Dungeon
  3130 | D:5      | Found a staircase to the Ecumenical Temple.
  3202 | D:5      | Found a sand-covered staircase.
  3283 | Ossuary  | Entered an ossuary
  3460 | Ossuary  | Reached skill level 5 in Dodging
  3593 | Ossuary  | Reached **** piety under Trog
  3650 | Ossuary  | Reached XP level 9. HP: 31/75 MP: 9/9
  3758 | Ossuary  | Got an ichor-stained flail
  3760 | Ossuary  | Identified the +6 flail "Ogrebane" {drain, *Corrode Int+4
                  | Dex+5} (You found it in an ossuary)
  4099 | D:5      | Got a pitted long sword
  4378 | D:6      | Found a glowing golden altar of the Shining One.
  4715 | D:6      | Reached skill level 10 in Fighting
  4955 | D:6      | Found a glowing golden altar of the Shining One.
  5012 | D:6      | Identified the +2 long sword "Death Rattle" {holy, +Inv
                  | rElec Str-3 Dex+7} (You found it on level 5 of the Dungeon)
  5498 | D:7      | Found a radiant altar of Vehumet.
  5671 | D:7      | Found a hazy altar of Hepliaklqana.
  5671 | D:7      | Found a white marble altar of Elyvilon.
  6056 | D:7      | Reached XP level 10. HP: 85/87 MP: 10/10
  6069 | D:7      | Reached skill level 5 in Armour
  6946 | D:8      | Found a staircase to the Lair.
  7394 | D:9      | Reached XP level 11. HP: 83/93 MP: 11/11
  7399 | D:9      | Reached skill level 10 in Armour
  7556 | D:9      | Noticed a two-headed ogre
  7566 | D:9      | Killed a two-headed ogre
  7885 | D:9      | Reached ***** piety under Trog
  7901 | D:9      | Found a staircase to the Orcish Mines.
  8063 | D:9      | Reached skill level 1 in Maces & Flails
  8361 | D:10     | Entered Level 10 of the Dungeon
  8390 | D:9      | Reached skill level 2 in Maces & Flails
  8576 | D:10     | Identified the Catalogue of Displaced Evil Magic
  8745 | D:10     | Paralysed by fainting for 9 turns
  8757 | D:10     | Reached skill level 3 in Maces & Flails
  8930 | D:10     | Found Cauxadag's Antique Weapon Shop.
  9090 | D:10     | Received a gift from Trog
  9100 | D:10     | Reached skill level 4 in Maces & Flails
  9542 | D:10     | Reached skill level 5 in Maces & Flails
  9849 | Orc:1    | Entered Level 1 of the Orcish Mines
  9872 | D:9      | Reached skill level 6 in Maces & Flails
 10350 | Orc:1    | Found a roughly hewn altar of Beogh.
 10554 | Orc:1    | Noticed an oklob plant
 10661 | Orc:1    | Reached skill level 7 in Maces & Flails
 10661 | Orc:1    | Reached XP level 12. HP: 92/100 MP: 10/12
 10776 | Orc:2    | Entered Level 2 of the Orcish Mines
 10917 | Orc:2    | Noticed an orc high priest
 10945 | Orc:2    | Paralysed by an orc sorcerer for 2 turns
 10947 | Orc:2    | Noticed a sixfirhy
 11031 | Orc:1    | Reached skill level 1 in Evocations
 11293 | Orc:2    | Paralysed by an orc sorcerer for 7 turns
 11337 | Orc:1    | Noticed a sun demon
 12219 | Orc:2    | Noticed a sun demon
 12235 | Orc:2    | Paralysed by an orc sorcerer for 2 turns
 12304 | Orc:2    | Noticed a sun demon
 12497 | Orc:2    | Received a gift from Trog
 12581 | Orc:2    | Paralysed by an orc sorcerer for 6 turns
 12597 | Orc:2    | Paralysed by an orc sorcerer for 2 turns
 12769 | Orc:2    | Noticed an orc high priest
 12774 | Orc:2    | Noticed an orc high priest
 12780 | Orc:2    | Noticed a sun demon
 13149 | Orc:1    | Noticed a soul eater
 13153 | Orc:1    | Gained mutation: Your spells are a little easier to cast,
                  | but a little less powerful. [a neqoxec]
 13335 | Orc:1    | Killed an orc high priest
 13335 | Orc:1    | Reached skill level 8 in Maces & Flails
 13358 | Orc:2    | Noticed a sun demon
 13373 | Orc:2    | Killed an orc high priest
 13373 | Orc:2    | Reached skill level 9 in Maces & Flails
 13391 | Orc:2    | Reached XP level 13. HP: 67/109 MP: 12/15
 14041 | Orc:1    | Reached skill level 10 in Maces & Flails
 14163 | Orc:2    | Found Eddamoq's Armour Shop.
 14163 | Orc:2    | Found Agiotipe's Jewellery Shoppe.
 14165 | Orc:2    | Found Sumabol's Gadget Shop.
 14165 | Orc:2    | Found Vegaal's Distillery.
 14182 | Orc:2    | Bought a potion of mutation for 120 gold pieces
 14186 | Orc:2    | Bought a +2 ring of slaying for 294 gold pieces
 14193 | Orc:2    | Lost mutation: Your spells are a little easier to cast, but
                  | a little less powerful. [potion of mutation]
 14193 | Orc:2    | Gained mutation: You have sharp toenails. [potion of
                  | mutation]
 14193 | Orc:2    | Gained mutation: You evolve. [potion of mutation]
 14193 | Orc:2    | Gained mutation: Your spells are a little harder to cast,
                  | but a little more powerful. [potion of mutation]
 14194 | Orc:2    | Reached skill level 5 in Stealth
 14194 | Orc:2    | Reached XP level 14. HP: 108/116 MP: 15/18
 14266 | Orc:2    | Found a staircase to the Elven Halls.
 14305 | Orc:2    | Noticed a stone giant
 14316 | Orc:2    | Killed a stone giant
 14356 | Elf:1    | Entered Level 1 of the Elven Halls
 14362 | Orc:2    | Received a gift from Trog
 14923 | D:9      | Gained mutation: You have an increased reservoir of magic.
                  | (+10% MP) [evolution]
 14952 | Lair:1   | Entered Level 1 of the Lair of Beasts
 15732 | Lair:2   | Found a labyrinth entrance.
 15743 | Lab      | Entered a labyrinth
 16450 | Lab      | Paralysed by fainting for 7 turns
 17538 | Lab      | Paralysed by fainting for 11 turns
 17639 | Lab      | Paralysed by fainting for 5 turns
 17815 | Lab      | Noticed a minotaur
 17833 | Lab      | Killed a minotaur
 17909 | Lair:2   | Noticed Fannar
 17928 | Lair:2   | Killed Fannar
 18188 | Lair:2   | Reached skill level 11 in Maces & Flails
 18963 | Lair:3   | Noticed Nergalle
 18996 | Lair:3   | Killed Nergalle
 19240 | Lair:3   | Found a frozen archway.
 19256 | Lair:3   | Reached skill level 12 in Maces & Flails
 19285 | IceCv    | Entered an ice cave
 20244 | IceCv    | Reached XP level 15. HP: 93/126 MP: 21/21
 20259 | IceCv    | Noticed a frost giant
 20282 | IceCv    | HP: 4/189 [frost giant/bolt of cold (26)]
 20283 | IceCv    | Killed a frost giant
 20662 | IceCv    | Got an ichor-stained great mace
 20670 | IceCv    | Identified the +7 great mace "Taiwop" {venom, -Tele rElec
                  | rN+++ Int-4} (You found it in an ice cave)
 21236 | Lair:4   | Reached skill level 1 in Shields
 21372 | Lair:4   | Gained mutation: You have a pair of small horns on your
                  | head. [evolution]
 21583 | Lair:4   | Found a staircase to the Swamp.
 21584 | Lair:4   | Found a hole to the Spider Nest.
 21792 | Lair:4   | Found the +8 autumn katana {slice, Clar}
 22342 | Lair:5   | Reached skill level 10 in Dodging
 22343 | Lair:5   | Found a burning altar of Makhleb.
 23150 | Lair:5   | Received a gift from Trog
 23154 | Lair:5   | Reached skill level 13 in Maces & Flails
 23335 | Lair:6   | Entered Level 6 of the Lair of Beasts
 23361 | Lair:5   | Paralysed by a hornet for 3 turns
 23881 | Lair:5   | Reached skill level 14 in Maces & Flails
 25491 | Lair:6   | Reached XP level 16. HP: 123/133 MP: 22/22
 25495 | Lair:6   | Reached skill level 15 in Maces & Flails
 26103 | Lair:6   | Found a staircase to the Slime Pits.
 26459 | Lair:6   | Gained mutation: Your flesh is heat resistant. (rF+)
                  | [evolution]
 26459 | Lair:6   | Lost mutation: You evolve. [end of evolution]
 26504 | Lair:6   | Identified Weax's Disquisition on Assistive Clay
 26968 | Spider:1 | Entered Level 1 of the Spider Nest
 27605 | Spider:1 | Reached skill level 16 in Maces & Flails
 27902 | Spider:1 | HP: 4/133 [disintegration (37)]
 28294 | Swamp:1  | Entered Level 1 of the Swamp
 28301 | Swamp:1  | Noticed Josephine
 28308 | Swamp:1  | Killed Josephine
 28333 | Swamp:1  | Noticed a thorn hunter
 28346 | Swamp:1  | Killed a thorn hunter
 28578 | Swamp:1  | Got a wavering iron amulet
 28587 | Swamp:1  | Identified the amulet of Contentment {Faith rElec} (You
                  | found it on level 1 of the Swamp)
 28659 | Swamp:1  | Reached skill level 17 in Maces & Flails
 30362 | Swamp:2  | Reached XP level 17. HP: 92/140 MP: 23/23
 30483 | Swamp:2  | Reached skill level 15 in Fighting
 30827 | Swamp:2  | You fall through a shaft!
 30827 | Swamp:3  | Noticed a thorn hunter
 30838 | Swamp:3  | Noticed a thorn hunter
 30856 | Swamp:3  | Killed a thorn hunter
 30860 | Swamp:3  | Killed a thorn hunter
 30873 | Swamp:3  | Paralysed by fainting for 5 turns
 30899 | Swamp:3  | HP: 1/143 [eight-headed hydra[a spriggan druid] (15)]
 30899 | Swamp:3  | Demolished by an eight-headed hydra

Skill      XL: |  1  2  3  4  5  6  7  8  9 10 11 12 13 14 15 16 17 |
---------------+----------------------------------------------------+-----
Fighting       | 4 6 8 11 12 14 15 | 15.6
Axes           | 4 |  4.0
Armour         | 4 9 10 | 10.8
Dodging        | 4 5 6 8 10 | 10.0
Maces & Flails | 7 9 10 12 14 17 | 17.1
Evocations     | 2 6 |  6.1
Stealth        | 5 6 |  6.0
Shields        | 1 |  1.2

Action                   |  1- 3 |  4- 6 |  7- 9 | 10-12 | 13-15 | 16-18 || total
-------------------------+-------+-------+-------+-------+-------+-------++-------
Melee: Hand axe          |    20 |       |       |       |       |       ||    20
       Spear             |    52 |   139 |   417 |       |       |       ||   608
       Flail             |       |       |   179 |   827 |   408 |       ||  1414
       Kick              |       |       |       |       |   262 |   155 ||   417
       Great mace        |       |       |       |       |   323 |   447 ||   770
       Headbutt          |       |       |       |       |    58 |   102 ||   160
Invok: Berserk           |     1 |     1 |       |     1 |     3 |     2 ||     8
       Trog's Hand       |       |       |     3 |     2 |     7 |     4 ||    16
       Brothers in Arms  |       |       |       |     2 |    10 |     5 ||    17
Evoke: Wand              |       |       |       |     5 |    14 |     7 ||    26
       Phantom mirror    |       |       |       |       |       |     1 ||     1
  Use: Potion            |       |       |    10 |       |     3 |     4 ||    17
       Scroll            |       |       |     8 |       |    18 |     5 ||    31
 Stab: Sleeping          |     1 |       |       |       |       |       ||     1
       Distracted        |       |       |       |       |     1 |       ||     1
  Eat: Chunk             |     1 |     5 |    11 |    24 |    37 |    17 ||    95
       Ration            |       |       |     1 |     3 |     3 |     2 ||     9
Armor: Animal skin       |     9 |       |       |       |       |       ||     9
       Ring mail         |     8 |    28 |   170 |    10 |       |       ||   216
       Plate armour      |       |       |       |   619 |   553 |   356 ||  1528
       Skin              |       |       |       |       |       |    20 ||    20
Dodge: Dodged            |    39 |    51 |   357 |   528 |   470 |   332 ||  1777
Block: Other             |       |       |       |       |   127 |   115 ||   242
       Reflection        |       |       |       |       |     8 |     1 ||     9
